 Dungeon Crawl Stone Soup version 0.28.0-53-g5a82cb258f (webtiles) character file.

Game seed: 16307213331912432756

59 Sin92 the Skirmisher (level 3, -4/29 HPs)
             Began as a Demonspawn Fighter on July 7, 2022.
             Frozen to death by an endoplasm (5 damage)
             ... on level 2 of the Dungeon.
             The game lasted 00:00:52 (830 turns).

Sin92 the Skirmisher (Demonspawn Fighter)            Turns: 830, Time: 00:00:53

Health: -4/29      AC:  6    Str: 18    XL:     3   Next: 78%
Magic:  3/3        EV:  9    Int:  9    God:
Gold:   93         SH:  4    Dex: 12    Spells: 2/2 levels left

rFire   . . .      SeeInvis .   h - +1 hand axe (drain)
rCold   . . .      Faith    .   c - +0 buckler
rNeg    . . .      Spirit   .   b - +0 scale mail
rPois   .          Reflect  .   (no helmet)
rElec   .          Harm     .   (no cloak)
rCorr   .          Rampage  .   (no gloves)
Will    .....                   (no boots)
Stlth   ..........              (no amulet)
HPRegen 0.09/turn               (no ring)
MPRegen 0.08/turn               (no ring)

@: brilliant, slowed, very slow
A: powered by pain 1
a: no special abilities


You were on level 2 of the Dungeon.
You visited 1 branch of the dungeon, and saw 2 of its levels.

You collected 93 gold pieces.

Inventory:

Hand Weapons
 a - a +0 long sword
 h - a +1 hand axe of draining (weapon)
Armour
 b - a +0 scale mail (worn)
 c - a +0 buckler (worn)
Scrolls
 e - a scroll of teleportation {unknown}
 f - a scroll of magic mapping {unknown}
 g - a scroll of identify {unknown}
Potions
 d - a potion of might


   Skills:
 + Level 3.3 Fighting
 - Level 1.9 Long Blades
 * Level 1.2 Axes
 + Level 3.0 Armour
 + Level 1.0 Dodging
 + Level 3.1 Shields


You had 2 spell levels left.
You didn't know any spells.
Your spell library was empty.

Dungeon Overview and Level Annotations

Branches:
Dungeon (2/15)

Altars:

Annotations:
D:2 Natasha


Innate Abilities, Weirdness & Mutations

You sometimes gain a little power by taking damage.


Message History

The crimson imp hits you but does no damage.
The endoplasm misses you. Natasha claws you. The crimson imp barely misses you.
The endoplasm freezes you.
You are frozen.
You barely miss Natasha.
Natasha is moderately wounded.
You hit the crimson imp but do no damage.
You closely miss the crimson imp. You hit the endoplasm but do no damage.
You drain the endoplasm. Natasha barely misses you.
The crimson imp closely misses you. The crimson imp spits at you.
The crimson imp hits you but does no damage.
The endoplasm jiggles.
The endoplasm hits you. Natasha claws you.
You closely miss Natasha.
Natasha is moderately wounded.
You hit the endoplasm. You hit the crimson imp. x2
The crimson imp disappears in a puff of smoke!
The crimson imp closely misses you. The endoplasm hits you.
Natasha stares at you and mumbles some strange words.
The magic dart hits you!
* * * LOW HITPOINT WARNING * * *
You block the crimson imp's attack. The endoplasm freezes you.
You are frozen.
* * * LOW HITPOINT WARNING * * *
You block Natasha's attack.
You are too injured to fight recklessly!
Unknown command.
Unknown command.
It was a potion of brilliance.
You feel clever all of a sudden. The crimson imp hits you.
* * * LOW HITPOINT WARNING * * *
The endoplasm hits you but does no damage.
You block Natasha's attack. The crimson imp hits you.
* * * LOW HITPOINT WARNING * * *
The endoplasm freezes you.
You are frozen.
You die...

#............#.###
#............# #
#............#
#............#
#............#
#............#
#............#
########5.##.#
##@# +# #hJ....#
##.....# .....#
#..### ..# ..# .>.


You could see Natasha (drained), a crimson imp (summoned) and an endoplasm
(drained).

Vanquished Creatures
  3 adders (D:2)
  2 bats (D:2)
  3 endoplasms
  2 giant cockroaches (D:1)
  2 hobgoblins
  2 jackals (D:1)
  4 kobolds (D:1)
  2 quokkas (D:2)
  3 ball pythons
  3 frilled lizards (D:1)
  2 goblins (D:1)
  2 rats
30 creatures vanquished.

Notes
Turn   | Place    | Note
-------+----------+-------------------------------------------
     0 | D:1      | Sin92 the Demonspawn Fighter began the quest for the Orb.
     0 | D:1      | Reached XP level 1. HP: 18/18 MP: 1/1
   272 | D:1      | Gained mutation: You sometimes gain a little power by
                  | taking damage. [demonic ancestry]
   272 | D:1      | Reached XP level 2. HP: 13/24 MP: 2/2
   661 | D:2      | Reached XP level 3. HP: 29/29 MP: 3/3
   674 | D:2      | Reached skill level 1 in Axes
   752 | D:2      | Reached skill level 1 in Dodging
   819 | D:2      | Noticed Natasha
   830 | D:2      | HP: 1/29 [crimson imp[Natasha] (1)]
   830 | D:2      | Frozen to death by an endoplasm

Illustrated notes

Levels and vault maps discovered:
D:1:      heliophobic_arrival_ceremonial_halls, layout_basic,
          chequers_serial_rivers_marsh, minmay_distorted
D:2:      layout_basic, minmay_cupped, uniq_natasha

Skill      XL: |  1  2  3 |
---------------+----------+-----
Shields        | 3 |  3.1
Axes           | 1 |  1.2
Armour         | 3 |  3.0
Dodging        | 1 |  1.0
Fighting       | |  3.3
Long Blades    | |  1.9

Action                   || total
-------------------------++-------
Melee: Long sword        ||    24
       Hand axe          ||    51
  Use: Potion            ||     1
Armor: Scale mail        ||    46
Dodge: Dodged            ||    47
Block: Buckler           ||    23
